 Dungeon Crawl Stone Soup version 0.31.0-1-g2c135a0 (webtiles) character file.

Game seed: 3991249972185002448

4 Mav the Trooper (level 1, -3/20 HPs)
             Began as a Minotaur Fighter on Jan 21, 2024.
             Frozen to death by an endoplasm (5 damage)
             ... on level 1 of the Dungeon.
             The game lasted 00:03:25 (91 turns).

Mav the Trooper (Minotaur Fighter)                    Turns: 91, Time: 00:03:27

Health: -3/20      AC:  6    Str: 20    XL:     1   Next: 58%
Magic:  0/0        EV:  9    Int:  5    God:
Gold:   0          SH:  4    Dex:  9    Spells: 0/0 levels left

rFire   . . .        a - +0 flail
rCold   . . .        c - +0 buckler
rNeg    . . .        b - +0 scale mail
rPois   .            (helmet restricted)
rElec   .            (no cloak)
rCorr   .            (no gloves)
SInv    .            (no boots)
Will    .....        (no amulet) Stlth
                     (no ring)
HPRegen 0.23/turn    (no ring)
MPRegen 0.07/turn

%: no passive effects
@: no status effects
A: horns 2, retaliatory headbutt
a: no special abilities


You were on level 1 of the Dungeon.
You visited 1 branch of the dungeon, and saw 1 of its levels.

Inventory:

Hand Weapons
 a - a +0 flail (weapon)
Armour
 b - a +0 scale mail (worn)
 c - a +0 buckler (worn)
Scrolls
 e - a scroll of immolation {unknown}
 f - a scroll of amnesia {unknown}
Potions
 d - a potion of might
 g - a potion of curing {unknown}
 h - a potion of enlightenment {unknown}


   Skills:
 + Level 3.8 Fighting
 * Level 2.8 Maces & Flails
 - Level 3.6 Armour
 - Level 3.6 Shields


You couldn't memorise any spells.
You didn't know any spells.
Your spell library was empty.

Dungeon Overview and Level Annotations

Branches:
Dungeon (1/15)

Altars:


Innate Abilities, Weirdness & Mutations

You have a pair of horns on your head.
You reflexively headbutt those who attack you in melee.


Message History

The endoplasm freezes you.
You are frozen.
The rat barely misses you. You furiously retaliate!
You headbutt the rat.
You kill the rat!
You hit the quokka. Your headbutt misses the quokka.
The quokka is severely wounded.
The quokka bites you but does no damage.
The endoplasm barely misses you. You furiously retaliate!
You headbutt the endoplasm, but do no damage.
You miss the quokka.
The quokka is severely wounded.
The quokka bites you but does no damage.
The endoplasm freezes you.
You are frozen.
The quokka bites you.
You are too injured to fight recklessly!
You are too injured to fight recklessly!
You are too injured to fight recklessly!
You are too injured to fight recklessly!
You are too injured to fight recklessly!
You are too injured to fight recklessly!
You are too injured to fight recklessly!
You are too injured to fight recklessly!
Sorry, you're not good enough to have a special ability.
You barely miss the quokka.
The quokka is severely wounded.
The quokka bites you.
* * * LOW HITPOINT WARNING * * *
The endoplasm freezes you.
You are frozen.
* * * LOW HITPOINT WARNING * * *
The quokka closely misses you.
The endoplasm hits you but does no damage.
You closely miss the quokka.
The quokka is heavily wounded.
The quokka completely misses you. You furiously retaliate!
You headbutt the quokka!
You kill the quokka!
The endoplasm freezes you.
You are frozen.
You die...

## #.
########. ###
####......[.
#..
##....######.
#.†#####..####
#. #.†@.....##
##
......J..#####
### [...#.##.#
#.. ...$.. ...
####'# .....
##.## ##PP#.#
###. #.#
##PP.#.# # #..
##P.P.#.# ##.
#PPP..#.#
#PP...#.#


You could see an endoplasm.

Vanquished Creatures
  A ball python (D:1)
  A bat (D:1)
  A quokka (D:1)
  A frilled lizard (D:1)
  A kobold (D:1)
  A rat (D:1)
6 creatures vanquished.

Notes
Turn   | Place    | Note
-------+----------+-------------------------------------------
     0 | D:1      | Mav the Minotaur Fighter began the quest for the Orb.
     0 | D:1      | Reached XP level 1. HP: 19/19 MP: 0/0
    10 | D:1      | Found a faded altar of an unknown god.
    90 | D:1      | HP: 1/20 [frozen (4)]
    91 | D:1      | Frozen to death by an endoplasm

Illustrated notes

Levels and vault maps discovered:
D:1:      psy_arrival_terrarium, layout_rooms, ebering_ecumenical_altar_webs,
          st_stairs_8

Action                     || total
---------------------------++-------
  Melee: Flail             ||    17
         Headbutt          ||     1
 Armour: Scale mail        ||    23
  Dodge: Dodged            ||    14
  Block: Buckler           ||     1
